[Event "*** Titled Tuesday Blitz"]
[Site "Chess.com"]
[Date "2019.04.02"]
[Round "5"]
[White "grzechu96"]
[Black "Touching3200"]
[Result "0-1"]
[WhiteElo "2543"]
[BlackElo "2389"]
[TimeControl "180+2"]
[EndTime "15:02:23 PDT"]
[Termination "Touching3200 won by resignation"]

1. e4 c5 2. Nf3 d6 3. Bb5+ Bd7 4. Bxd7+ Nxd7 5. O-O Ngf6 6. Qe2 Rc8 7. c3 e6 8. d4 cxd4 9. cxd4 Nb6 10. Nc3 Be7 11. Bg5 O-O 12. Rfd1 a6 13. Rac1 d5 14. e5 Ne4 15.
Bxe7 Nxc3 16. bxc3 Qxe7 17. h4 h6 18. Kh2 Na4 19.
Rd3 Qa3 20. Qd2 Nb2 21. Rc2 Nxd3 22. Qxd3 b5 23. Nd2 b4 24. Nb1 Qa4 25. c4 dxc4 26. Rxc4 Qb5 27. Nd2 Rxc4 28. Nxc4 Rc8 29. Nb2 Qxd3 30. Nxd3 a5 31. Nc5 Rd8 32. Nb7 Rd5 33. Kg3 a4 34. Nc5 b3 35. axb3 a3 0-1

[Event "*** Titled Tuesday Blitz"]
[Site "Chess.com"]
[Date "2019.04.02"]
[Round "5"]
[White "ALeks_Ivlev"]
[Black "vugarrasulov"]
[Result "0-1"]
[WhiteElo "2484"]
[BlackElo "2845"]
[TimeControl "180+2"]
[EndTime "15:02:33 PDT"]
[Termination "vugarrasulov won by checkmate"]

1. d4 Nf6 2. c4 g6 3. Nc3 Bg7 4. e4 d6 5. Bg5 O-O 6. Be2 c5 7.
d5 b5 8. cxb5 a6 9. b6 Qxb6 10.
Qc2 e6 11. dxe6 Bxe6 12. Nf3 Nc6 13. h3 Nd4 14. Nxd4 cxd4 15. Bxf6 Bxf6 16. Nd5 Bxd5 17. exd5 Rab8 18. Rb1 Qa5+ 19. Qd2 Qxa2 20. O-O Rfe8 21. Rfc1 Qxd5 22. Bxa6 Bg5 23. f4 Bh6 24. Bc4 Qe4 25. Rf1 d5 26. Ba2 Qe3+ 27. Qxe3 dxe3 28. Bxd5 Rbd8 29. Bc4 Rd4 30. b3 Bxf4 31.
g3 e2 32. Rfe1 Bxg3 33. Rxe2 Rxe2 34. Bxe2 Rd2 35. Bc4 Bf2+ 36. Kf1 Bb6 37. Ra1 Kg7 38. Ra6 Be3 39. Rc6 f5 40. Rc7+ Kh6 41. Bg8 Kg5 42. Rxh7 f4 43. Be6 f3 44. Bg4 Rd1# 0-1

[Event "*** Titled Tuesday Blitz"]
[Site "Chess.com"]
[Date "2019.04.02"]
[Round "5"]
[White "INLOVEWITHF"]
[Black "CzechmVIII"]
[Result "1-0"]
[WhiteElo "2276"]
[BlackElo "2124"]
[TimeControl "180+2"]
[EndTime "15:02:33 PDT"]
[Termination "INLOVEWITHF won by resignation"]

1. e4 c5 2. Nf3 d6 3. d4 cxd4 4.
Nxd4 Nf6 5. Nc3 g6 6. Be3 Bg7 7. f3 O-O 8. Qd2 Nc6 9. O-O-O d5 10. Qe1 e5 11. Nxc6 bxc6 12. exd5 Nxd5 13. Bc4 Be6 14. Kb1 Rb8 15. Ne4 Qc7 16. Bc5 Rfd8 17. Bb3 h6 18. h4 Rd7 19. h5 g5 20. c4 Rbd8 21. cxd5 cxd5 22. Rc1 dxe4 23. Bxe6 fxe6 24. Be7 Qb7 25. Bxd8 exf3 26. Ba5 fxg2 27. Rg1 Qf3 28. Bc3 Qxh5 29. Rxg2 Qf3 30. Rd2 Qf5+ 31. Ka1 Rb7 32. Re2 h5 33. Bxe5 Bxe5 34. Rxe5 Qf6 35. Re2 g4 36. Qh1 Rh7 37.
Qa8+ Qf8 38. Rc8 Rf7 39. Rxf8+ Rxf8 40. Qg2 1-0

[Event "*** Titled Tuesday Blitz"]
[Site "Chess.com"]
[Date "2019.04.02"]
[Round "5"]
[White "ZeroRealtorFade"]
[Black "CookiesAndIceCream"]
[Result "0-1"]
[WhiteElo "2255"]
[BlackElo "2359"]
[TimeControl "180+2"]
[EndTime "15:02:33 PDT"]
[Termination "CookiesAndIceCream won on time"]

1. d4 d5 2. Bf4 Nf6 3. e3 e6 4. c3 c5 5. Nd2 Bd6 6. Bg3 Qc7 7.
Ngf3 Nbd7 8. Bd3 O-O 9. O-O e5 10. dxe5 Nxe5 11. Nxe5 Bxe5 12. Nf3 Bxg3 13. hxg3 Bg4 14.
Qc2 Rfe8 15. Bf5 Bh5 16. Nh2 Ne4 17. c4 Qe5 18. g4 Bg6 19. Nf3 Qf6 20. Bxg6 Qxg6 21.
cxd5 Qxg4 22. Nd2 Nf6 23. e4 Re5 24. f3 Qg3 0-1

[Event "*** Titled Tuesday Blitz"]
[Site "Chess.com"]
[Date "2019.04.02"]
[Round "5"]
[White "cyber-alekhine2"]
[Black "STAYFlow"]
[Result "0-1"]
[WhiteElo "2157"]
[BlackElo "2260"]
[TimeControl "180+2"]
[EndTime "15:02:35 PDT"]
[Termination "STAYFlow won by resignation"]

1. e4 e5 2. f4 exf4 3. Nf3 Nf6 4. e5 Nh5 5. Bc4 Be7 6. O-O O-O 7. d4 d6 8. Nc3 Bg4 9. h3 Be6 10. d5 Bf5 11. Nd4 Bg6 12. e6 c5 13. exf7+ Bxf7 14. Ne6 Bxe6 15. dxe6 Nf6 16. Bxf4 Nc6 17. Qd2 a6 18.
Rae1 Rc8 19. Bxd6 b5 20. Ne4 bxc4 21. Nxf6+ Rxf6 22. Rxf6 gxf6 23. Re4 Qxd6 24. Rg4+ Kh8 25. Qh6 Rg8 0-1

[Event "*** Titled Tuesday Blitz"]
[Site "Chess.com"]
[Date "2019.04.02"]
[Round "5"]
[White "krzysztofszczurek"]
[Black "eldur16"]
[Result "0-1"]
[WhiteElo "2399"]
[BlackElo "2510"]
[TimeControl "180+2"]
[EndTime "15:02:36 PDT"]
[Termination "eldur16 won by resignation"]

1. e4 g6 2. d4 Bg7 3. Nc3 d6 4. Be3 a6 5. a4 Nc6 6. Qd2 e5 7.
dxe5 Nxe5 8. f3 Nf6 9. Be2 O-O 10. Bh6 Nxe4 11. Nxe4 Qh4+ 12. g3 Qxh6 13. f4 Nc6 14. c3 Re8 15. Nf2 Be6 16. h4 f5 17. h5 Bf6 18. hxg6 Qxg6 19. Bh5 Bf7+ 20. Ne2 Qg7 21.
Bxf7+ Qxf7 22. O-O-O Na5 23. Kb1 Nc4 24. Qd3 Re3 25. Qc2 Rae8 26. Ng1 Rxg3 27. Qxf5 Nxb2 28. Ngh3 Nxd1 0-1

[Event "*** Titled Tuesday Blitz"]
[Site "Chess.com"]
[Date "2019.04.02"]
[Round "5"]
[White "bascheyaro"]
[Black "fm_magua"]
[Result "1-0"]
[WhiteElo "2725"]
[BlackElo "2514"]
[TimeControl "180+2"]
[EndTime "15:02:36 PDT"]
[Termination "bascheyaro won by resignation"]

1. d4 Nf6 2. c4 g6 3. Nf3 Bg7 4. Nc3 O-O 5. e4 d6 6. Be2 e5 7. d5 Nbd7 8. Bg5 h6 9. Be3 a5 10. Nd2 Nc5 11. b3 c6 12. O-O cxd5 13. cxd5 b6 14.
a3 Ba6 15. Bxa6 Nxa6 16. Qe2 Nh5 17. Rfc1 Nf4 18. Qf1 f5 19. Na4 Nc5 20. Nxc5 bxc5 21. Rab1 Nh3+ 22. gxh3 f4 23. Bxc5 dxc5 24. Nf3 Qd6 25. Rc3 Rfb8 26. Rbc1 g5 27. Rxc5 Rxb3 28. Rc6 Qb8 29. Qd1 Qb5 30. d6 Rd8 31. a4 Qd3 32.
Kg2 Bf8 33. Qxd3 Rxd3 34. R6c5 Bxd6 35. Rxa5 Ba3 36. Rc7 Bd6 37. Rc6 Kf7 38. Rxe5 g4 39. Rf5+ Ke7 40. hxg4 Rb8 41. e5 Ba3 42. Rc7+ Ke6 43.
Rf6+ Kd5 44. Rd7+ Ke4 45. Rxd3 Kxd3 46. Rxf4 1-0

[Event "*** Titled Tuesday Blitz"]
[Site "Chess.com"]
[Date "2019.04.02"]
[Round "5"]
[White "2165149677570"]
[Black "Haykos"]
[Result "0-1"]
[WhiteElo "2375"]
[BlackElo "2571"]
[TimeControl "180+2"]
[EndTime "15:02:38 PDT"]
[Termination "Haykos won by resignation"]

1. e4 c5 2. Nf3 e6 3. d4 cxd4 4.
Nxd4 Nf6 5. Nc3 Nc6 6. Nxc6 bxc6 7. e5 Nd5 8. Ne4 Qc7 9. f4 Qb6 10. c4 Bb4+ 11. Ke2 f5 12. Nf2 Ba6 13. Kf3 Ne7 14.
Be3 c5 15. a3 Ba5 16. Kg3 Qc6 17. b4 cxb4 18. axb4 Bxb4 19. Qa4 Bxc4 20. Qxb4 Bxf1 21. Rhxf1 Nd5 22. Qc5 Qxc5 23. Bxc5 a5 24. Nd1 Kf7 25. Ne3 Nc3 26. Rfc1 Ne2+ 27. Kf3 Nxc1 28. Rxc1 Rhc8 29.
Nc4 Rc6 30. Nb6 Rb8 31. Nxd7 Rb7 32. Nb6 Rbxb6 33. Bxb6 Rxc1 34. Bxa5 g5 35. fxg5 Rc5 36. Bd8 Rxe5 37. h4 Kg6 38. g4 fxg4+ 39. Kxg4 Re4+ 40.
Kg3 Kf5 41. h5 Rd4 42. Bf6 Rd3+ 43. Kh4 h6 44. Be7 hxg5+ 45. Bxg5 Rd4+ 0-1

[Event "*** Titled Tuesday Blitz"]
[Site "Chess.com"]
[Date "2019.04.02"]
[Round "5"]
[White "Medvegy"]
[Black "oskariot"]
[Result "0-1"]
[WhiteElo "2525"]
[BlackElo "2619"]
[TimeControl "180+2"]
[EndTime "15:02:41 PDT"]
[Termination "oskariot won by resignation"]

1. Nf3 e6 2. c4 Be7 3. Nc3 b6 4. e4 c5 5. d4 cxd4 6. Nxd4 Bb7 7. Ndb5 d6 8. Bf4 e5 9. Be3 a6 10. Na3 Nf6 11. Bd3 Nbd7 12. O-O Nc5 13. f3 Nh5 14.
b4 Ne6 15. g3 Rb8 16. Nd5 Bg5 17. Bxb6 Qxb6+ 18. Nxb6 Be3+ 19. Kg2 Bxb6 20. Be2 Ke7 21. Qd2 Nd4 22. Nc2 Nf6 23. Rad1 h5 24. h4 Rbg8 25. Ne3 g5 26. hxg5 Rxg5 27. Nd5+ Bxd5 28. Qxg5 Be6 29. Rxd4 Bxd4 30. Rd1 Rg8 31. Qh4 Be3 32. Kh2 Bg5 0-1

[Event "*** Titled Tuesday Blitz"]
[Site "Chess.com"]
[Date "2019.04.02"]
[Round "5"]
[White "SoltaniciR"]
[Black "m3alam"]
[Result "0-1"]
[WhiteElo "2586"]
[BlackElo "2432"]
[TimeControl "180+2"]
[EndTime "15:02:44 PDT"]
[Termination "m3alam won by resignation"]

1. e4 c6 2. Nf3 d5 3. Nc3 Nf6 4. e5 Ne4 5. Ne2 Qb6 6. d4 e6 7. Ng3 c5 8. c3 cxd4 9. Nxe4 dxe4 10. Nxd4 Bd7 11. Qg4 Nc6 12. Qxe4 Bc5 13. Bd3 Nxd4 14. cxd4 Bxd4 15. O-O Rd8 16. Bg5 Rc8 17. Rad1 Bc6 18. Qh4 h6 19. Kh1 Qxb2 20. Bc1 Qc3 21. f4 Ba4 22. f5 exf5 23. Bxf5 Bxd1 24. Bxc8 Be2 25. Bd7+ Kxd7 26. Rxf7+ Kc8 27. Qf4 Qe1+ 0-1

[Event "*** Titled Tuesday Blitz"]
[Site "Chess.com"]
[Date "2019.04.02"]
[Round "5"]
[White "alturas_pacificas"]
[Black "Caisachess"]
[Result "0-1"]
[WhiteElo "2269"]
[BlackElo "2411"]
[TimeControl "180+2"]
[EndTime "15:02:45 PDT"]
[Termination "Caisachess won by resignation"]

1. d4 Nf6 2. Bf4 e6 3. e3 d5 4. Nd2 c5 5. c3 Bd6 6. Bg3 O-O 7.
Ngf3 b6 8. Bd3 Ba6 9. Bc2 Nc6 10. Ne5 Qc7 11. f4 Ne7 12. Qf3 Nf5 13. Bf2 Be7 14.
g4 Nd6 15. g5 Nfe4 16. Nxe4 Nxe4 17. Bxe4 dxe4 18. Qg4 cxd4 19. exd4 f5 20. gxf6 Rxf6 21. Rg1 Bf8 22. Bh4 Rf5 23. Bg5 Bb7 24. h4 b5 25. h5 b4 26. c4 b3 27. axb3 Qb6 28. Be7 Qxd4 29. Bxf8 Qe3+ 30. Kf1 Rxf4+ 0-1

[Event "*** Titled Tuesday Blitz"]
[Site "Chess.com"]
[Date "2019.04.02"]
[Round "5"]
[White "advantageLucy"]
[Black "Eltarolo"]
[Result "1-0"]
[WhiteElo "2500"]
[BlackElo "2450"]
[TimeControl "180+2"]
[EndTime "15:02:50 PDT"]
[Termination "advantageLucy won by checkmate"]

1. d4 d5 2. Bf4 Nf6 3. e3 c5 4. c3 Nc6 5. Nd2 cxd4 6. exd4 Bf5 7. Ngf3 e6 8. Qb3 Qc8 9. Nh4 Bg6 10. Nxg6 hxg6 11.
h3 Be7 12. Bd3 O-O 13. O-O Qd7 14. Rfe1 a6 15. Nf3 b5 16. a4 Na5 17. Qc2 Nc4 18.
b3 Nd6 19. Ne5 Qb7 20. f3 Rfc8 21. Qd2 Nd7 22. axb5 axb5 23. Rxa8 Rxa8 24. Nxg6 fxg6 25. Rxe6 Nf8 26. Rxd6 Bxd6 27. Bxd6 Ra1+ 28. Kh2 Qd7 29. Be5 Qc6 30. Qg5 Qxc3 31. Qe7 Ne6 32. Qxe6+ Kh7 33. Qxg6+ Kg8 34. Qxg7# 1-0

[Event "*** Titled Tuesday Blitz"]
[Site "Chess.com"]
[Date "2019.04.02"]
[Round "5"]
[White "gonzaga23"]
[Black "Sashadav97"]
[Result "0-1"]
[WhiteElo "2351"]
[BlackElo "2520"]
[TimeControl "180+2"]
[EndTime "15:02:50 PDT"]
[Termination "Sashadav97 won by resignation"]

1. e4 d5 2. Nc3 Nf6 3. e5 Nfd7 4. d4 e6 5. Nf3 c5 6. dxc5 Nc6 7. Bf4 Nxc5 8. Bd3 a6 9. O-O Be7 10. Bg3 b5 11. Re1 Bb7 12. Ne2 g5 13. Ned4 h5 14. Nxc6 Bxc6 15. Nd4 Qb6 16. h3 Bd7 17. c3 O-O-O 18. b3 Rdg8 19. a4 h4 20. Bh2 g4 21.
hxg4 h3 22. axb5 hxg2 23. b4 Nxd3 24. Qxd3 axb5 25. Ra8+ Kb7 26. Rxg8 Rxg8 27. f3 Rc8 28. Kxg2 Rc4 29. Bg1 Qa6 30. Nb3 Qa2+ 31. Nd2 Qb2 32. Bd4 Bxb4 33. Rb1 Rxc3 34. Qe2 Qa3 35. Bxc3 Qxc3 36.
Rb3 Qxd2 37. Qxd2 Bxd2 38. f4 b4 39. Kf3 d4 40. Ke4 Bc3 41. f5 Ba4 42. fxe6 Bxb3 43. e7 Ba4 44. g5 Be8 45. Kf5 d3 46. e6 fxe6+ 47. Kxe6 d2 0-1

[Event "*** Titled Tuesday Blitz"]
[Site "Chess.com"]
[Date "2019.04.02"]
[Round "5"]
[White "Alex_Terzi"]
[Black "Gabix_94"]
[Result "0-1"]
[WhiteElo "2411"]
[BlackElo "2578"]
[TimeControl "180+2"]
[EndTime "15:02:52 PDT"]
[Termination "Gabix_94 won by resignation"]

1. e4 c5 2. Nf3 e6 3. d4 cxd4 4. Nxd4 Nc6 5. Nc3 Qc7 6. Be3 Nf6 7. f4 Bb4 8. Nb5 Qa5 9. a3 Bxc3+ 10. Nxc3 Nxe4 11. Qd3 Nxc3 12. bxc3 d5 13. Be2 O-O 14. O-O Bd7 15. Rfb1 Qc7 16. g3 b6 17. c4 Rad8 18. cxd5 exd5 19. Qxd5 Rfe8 20. Qf3 Na5 21. Bd3 Bc6 22.
Qf2 Ba8 23. Re1 Qc6 24. Kf1 Nc4 25. Bxc4 Qxc4+ 26. Kg1 Qe4 27. Kf1 Bb7 28. Rad1 Qh1+ 29.
Qg1 Qf3+ 30. Qf2 Rxd1 31. Qxf3 Rxe1+ 32. Kxe1 Bxf3 33. Kf2 Be4 34. c3 f5 35. Bd4 Kf7 36.
Ke3 g6 37. Kd2 Ke6 38. h4 Kd5 39. Kc1 Kc4 40. Kb2 b5 41. Ka2 a5 42. Kb2 b4 43.
axb4 axb4 44. Be5 bxc3+ 45. Bxc3 Rb8+ 0-1

[Event "*** Titled Tuesday Blitz"]
[Site "Chess.com"]
[Date "2019.04.02"]
[Round "5"]
[White "Superfelix"]
[Black "Heineccius"]
[Result "0-1"]
[WhiteElo "2423"]
[BlackElo "2490"]
[TimeControl "180+2"]
[EndTime "15:02:52 PDT"]
[Termination "Heineccius won by checkmate"]

1. e4 c5 2. Nf3 e6 3. g3 a6 4. Bg2 Qc7 5. O-O b5 6. Re1 Bb7 7. b3 Nc6 8. Bb2 d6 9. a4 Nf6 10. d3 Be7 11. Nc3 b4 12. Ne2 O-O 13.
h3 Nd7 14. Nf4 Bf6 15. Qc1 Bxb2 16. Qxb2 Nde5 17. Nxe5 dxe5 18. Ne2 Rfd8 19. Rf1 Nd4 20. Rae1 a5 21. f4 Ba6 22. f5 Qe7 23. Qc1 f6 24. g4 Rac8 25. Ng3 Nxc2 26. Qxc2 Rxd3 27. Rf3 c4 28. bxc4 Rxf3 29. Bxf3 Rxc4 30. Qd2 h6 31. fxe6 Rd4 32. Nf5 Rxd2 33. Nxe7+ Kf8 34. Ng6+ Ke8 35. Rc1 b3 36. Rc6 b2 37. Rb6 Kd8 38. e7+ Kd7 39. g5 f5 40. exf5 e4 41. f6 exf3 42. f7 f2+ 43.
Kg2 f1=Q+ 44. Kg3 Qf2+ 45. Kg4 Be2# 0-1

[Event "*** Titled Tuesday Blitz"]
[Site "Chess.com"]
[Date "2019.04.02"]
[Round "5"]
[White "norwaytoadog"]
[Black "Chessmatus"]
[Result "1-0"]
[WhiteElo "2233"]
[BlackElo "2329"]
[TimeControl "180+2"]
[EndTime "15:02:53 PDT"]
[Termination "norwaytoadog won by resignation"]

1. e4 c5 2. Nf3 d6 3. Bb5+ Nd7 4. d4 cxd4 5. Qxd4 a6 6. Bxd7+ Bxd7 7. c4 e5 8. Qd3 Qc7 9. Nc3 Rc8 10. b3 b5 11.
Nd5 Qb7 12. Nd2 Ne7 13. O-O Nxd5 14. exd5 Be7 15. Qg3 O-O 16. Rb1 Bf5 17. Rb2 Bg6 18. Nf3 Qc7 19. Bg5 Bxg5 20. Nxg5 bxc4 21. Rc1 c3 22. Re2 Qc5 23. h4 c2 24. Qf3 h6 25. h5 hxg5 26. hxg6 fxg6 27. Qe4 Qa3 28. Rcxc2 Rce8 29. Qxg6 Re7 30. Rc6 Qxa2 31. Rxa2 1-0

[Event "*** Titled Tuesday Blitz"]
[Site "Chess.com"]
[Date "2019.04.02"]
[Round "5"]
[White "scrapnel"]
[Black "FERNANDEZL1983"]
[Result "0-1"]
[WhiteElo "2525"]
[BlackElo "2440"]
[TimeControl "180+2"]
[EndTime "15:02:53 PDT"]
[Termination "FERNANDEZL1983 won by resignation"]

1. d4 Nf6 2. c4 g6 3. Nc3 Bg7 4. e4 d6 5. Be2 O-O 6. Be3 Nbd7 7. Qc2 c5 8. d5 Ne5 9. h3 a6 10. f4 Ned7 11. a4 Rb8 12. g4 e6 13. g5 Ne8 14.
Rd1 exd5 15. cxd5 b5 16. Nf3 b4 17. Nb1 b3 18. Qc1 Qa5+ 19. Nc3 Bxc3+ 20. Qxc3 Qxc3+ 21.
bxc3 Nb6 22. a5 Na4 23. Kd2 Nc7 24. c4 Re8 25. Bd3 Nb2 26. Rb1 Nxd3 27. Kxd3 Rxe4 28. Nd2 Re8 29. Rxb3 Bf5+ 30. Ke2 Rxb3 31. Nxb3 Rb8 32. Nd2 f6 33. gxf6 Ne8 34. h4 Nxf6 35. Rc1 Rb2 36. Kf3 Ra2 37. Rc3 Rxa5 38. Rb3 Ra1 39.
Rb6 Ne8 40. Rb8 Kf8 41. Ne4 Bxe4+ 42. Kxe4 a5 43. f5 gxf5+ 44. Kxf5 Rf1+ 45. Kg4 a4 46. Bh6+ Kf7 47. Rb7+ Kg6 48. Be3 Nf6+ 49. Kg3 a3 50. Ra7 Ra1 51. Bd2 Ne4+ 0-1

[Event "*** Titled Tuesday Blitz"]
[Site "Chess.com"]
[Date "2019.04.02"]
[Round "5"]
[White "KarstenHansch"]
[Black "Alex_Molchanov"]
[Result "0-1"]
[WhiteElo "2249"]
[BlackElo "2476"]
[TimeControl "180+2"]
[EndTime "15:02:54 PDT"]
[Termination "Alex_Molchanov won by resignation"]

1. e4 c6 2. d4 d5 3. e5 Bf5 4. h4 h6 5. g4 Bd7 6. Nc3 Qc8 7.
f3 h5 8. Be2 Nh6 9. Bxh6 Rxh6 10. g5 Rh8 11. f4 g6 12. Bd3 Bf5 13. Bxf5 Qxf5 14. Nge2 Qd7 15. Qd3 e6 16. O-O c5 17.
Nd1 Nc6 18. c3 cxd4 19. cxd4 Nb4 20. Qb3 O-O-O 21. a3 Nc6 22. Rc1 Kb8 23. Ndc3 Na5 24. Qa2 Be7 25. b3 Rc8 26. Na4 Qb5 27. Rb1 Qd3 28. Rb2 Qf5 29. Kf2 Rc7 30. Rh1 Rhc8 31. b4 Nc4 32. Rb3 Qe4 33. Rhh3 Nxe5 34. dxe5 Rc2 35.
Rhe3 Qxf4+ 36. Rf3 Qxh4+ 0-1

[Event "*** Titled Tuesday Blitz"]
[Site "Chess.com"]
[Date "2019.04.02"]
[Round "5"]
[White "evgenyermolaev"]
[Black "12teen"]
[Result "0-1"]
[WhiteElo "2518"]
[BlackElo "2642"]
[TimeControl "180+2"]
[EndTime "15:02:56 PDT"]
[Termination "12teen won on time"]

1. e4 e5 2. Nf3 Nc6 3. Bc4 Be7 4.
d4 exd4 5. Nxd4 d6 6. Nc3 Nf6 7. Bg5 O-O 8. Qd2 Ne5 9. Be2 h6 10.
Bf4 Ng6 11. Be3 Ng4 12. Bxg4 Bxg4 13. f3 Bd7 14. O-O-O c6 15. g4 Ne5 16. Qe2 b5 17. Nf5 Bxf5 18. gxf5 Qa5 19. Rhg1 Kh7 20. Qg2 Bf6 21.
Bf2 Nc4 22. Bd4 Qb4 23. Nd5 cxd5 24. Bxf6 Rg8 25. Bxg7 d4 26. c3 dxc3 27. bxc3 Qa3+ 28. Kb1 b4 0-1

[Event "*** Titled Tuesday Blitz"]
[Site "Chess.com"]
[Date "2019.04.02"]
[Round "5"]
[White "jcgs1030"]
[Black "Eliwood44"]
[Result "0-1"]
[WhiteElo "2331"]
[BlackElo "2239"]
[TimeControl "180+2"]
[EndTime "15:02:57 PDT"]
[Termination "Eliwood44 won by resignation"]

1. e4 e5 2. f4 exf4 3. Bc4 d5 4. Bxd5 Nf6 5. Nc3 Nxd5 6. exd5 Qh4+ 7. Kf1 Bd6 8. Nf3 Qh6 9. Ne4 O-O 10. d3 Bg4 11.
h3 Nd7 12. Nxd6 cxd6 13. Qd2 Bxf3 14. gxf3 g5 15. Rg1 Kh8 16. Qg2 f6 17. Bd2 Rae8 18. Re1 Ne5 19. Re4 Ng6 20. Ke2 Rxe4+ 21. dxe4 Nh4 22.
Qg4 Qg7 23. Bxf4 Qc7 24. Kd2 Qa5+ 25. c3 Qxa2 26. Kc2 Qa4+ 27. Kb1 Qb5 28. Bxd6 Qd3+ 29.
Kc1 Nxf3 30. Bxf8 Qe3+ 31. Kc2 Nxg1 32. Qc8 Qxe4+ 33. Kb3 Qxd5+ 34. c4 Qf3+ 35. Ka4 Qc6+ 36. Qxc6 bxc6 37. Bc5 Nxh3 38. Bxa7 Nf4 39. b4 Ne2 40. Ka5 h5 41. Kb6 h4 42. Kxc6 h3 43.
Bb8 Nf4 0-1

[Event "*** Titled Tuesday Blitz"]
[Site "Chess.com"]
[Date "2019.04.02"]
[Round "5"]
[White "sere99"]
[Black "Benjoneliere44"]
[Result "0-1"]
[WhiteElo "2286"]
[BlackElo "2481"]
[TimeControl "180+2"]
[EndTime "15:03:00 PDT"]
[Termination "Benjoneliere44 won by resignation"]

1. d4 Nf6 2. c4 g6 3. Nf3 Bg7 4. g3 O-O 5. Bg2 d6 6. O-O Nc6 7. Nc3 e5 8. dxe5 dxe5 9. Nd2 Be6 10. b3 h5 11. Bb2 h4 12. Nde4 hxg3 13. hxg3 Ng4 14.
Nc5 Qg5 15. Nxb7 Qh5 16. Re1 Nd4 17. Nc5 Qh2+ 18. Kf1 Rad8 19. Qc1 Bh6 20. e3 Nf3 21. N3e4 Qg1+ 22. Ke2 Qxg2 23. Rh1 Rd2+ 24. Qxd2 Nxd2 25. Rag1 Qf3+ 26. Kxd2 Nxf2 27. Rxh6 Nxe4+ 28. Nxe4 Qxe4 29. Rgh1 Rd8+ 30. Kc1 Qxe3+ 31. Kb1 Bf5+ 32. Ka1 Qxh6 0-1

[Event "*** Titled Tuesday Blitz"]
[Site "Chess.com"]
[Date "2019.04.02"]
[Round "5"]
[White "kasparicy"]
[Black "Martins-BR"]
[Result "1-0"]
[WhiteElo "2336"]
[BlackElo "2243"]
[TimeControl "180+2"]
[EndTime "15:03:01 PDT"]
[Termination "kasparicy won by resignation"]

1. e4 c5 2. Nf3 e6 3. d4 cxd4 4. Nxd4 Nc6 5. Nc3 Qc7 6. Nb3 a6 7. f4 d6 8. Bd3 Nf6 9. O-O Be7 10. Kh1 O-O 11. Qe1 h6 12. a4 b6 13. Qg3 Kh8 14.
Be3 Bb7 15. Rae1 Rad8 16. Qh3 Ng8 17. Rf3 Nb4 18. Rg3 Nxd3 19. cxd3 Bf6 20. Nd4 Kh7 21. Nf3 Bxc3 22. bxc3 e5 23. f5 f6 24. Rg6 d5 25.
Rb1 Qxc3 26. Bxb6 Rd7 27. a5 Qxd3 28. Ng5+ fxg5 29. Qxd3 Nf6 30. Bf2 dxe4 31. Qe2 e3 32. Bxe3 Rfd8 33. h3 Ne4 34. Kh2 Rd3 35. Rxb7 1-0

[Event "*** Titled Tuesday Blitz"]
[Site "Chess.com"]
[Date "2019.04.02"]
[Round "5"]
[White "Thee-Chessboy"]
[Black "almaguerjm"]
[Result "0-1"]
[WhiteElo "2374"]
[BlackElo "2297"]
[TimeControl "180+2"]
[EndTime "15:03:01 PDT"]
[Termination "almaguerjm won on time"]

1. Nf3 Nf6 2. g3 d5 3. Bg2 Bg4 4. h3 Bh5 5. O-O Nc6 6. d4 e6 7.
c4 dxc4 8. Qa4 Qd7 9. g4 Bg6 10. Qxc4 h5 11. g5 Ne4 12. Nc3 a6 13. a4 Nd6 14.
Qb3 Na5 15. Qd1 f6 16. Nh4 Bf7 17. g6 Bg8 18. e4 Ndc4 19. d5 O-O-O 20. Rb1 Bb4 21.
Na2 Qe7 22. Nxb4 Qxb4 23. b3 exd5 24. exd5 Ne5 25. Nf5 Nac4 26. Qd4 c5 27. Qa1 Na5 0-1

[Event "*** Titled Tuesday Blitz"]
[Site "Chess.com"]
[Date "2019.04.02"]
[Round "5"]
[White "PowerThinking2650"]
[Black "MathiasWomacka"]
[Result "1-0"]
[WhiteElo "2392"]
[BlackElo "2257"]
[TimeControl "180+2"]
[EndTime "15:03:03 PDT"]
[Termination "PowerThinking2650 won by resignation"]

1. e4 c5 2. Nf3 d6 3. d4 cxd4 4. Nxd4 Nf6 5. Nc3 a6 6. Be3 e5 7. Nb3 Be7 8. f3 Be6 9. Qd2 O-O 10. O-O-O Nbd7 11. g4 Qc7 12. g5 Nh5 13. h4 b5 14. Nd5 Bxd5 15. exd5 Nb6 16. Na5 Nxd5 17. Qxd5 Qxa5 18. Bh3 Qa4 19. Bg4 Nf4 20. Bxf4 Qxf4+ 21. Kb1 Rab8 22. Rde1 Rfe8 23. Re4 Qg3 24. g6 hxg6 25. h5 gxh5 26. Bxh5 Rf8 27. Rg4 Qf2 28. Qe4 Qd2 29.
Bxf7+ Rxf7 30. Qh7+ 1-0

[Event "*** Titled Tuesday Blitz"]
[Site "Chess.com"]
[Date "2019.04.02"]
[Round "5"]
[White "nutibara"]
[Black "ruvat"]
[Result "1-0"]
[WhiteElo "2367"]
[BlackElo "2279"]
[TimeControl "180+2"]
[EndTime "15:03:05 PDT"]
[Termination "nutibara won by resignation"]

1. e4 d6 2. d4 Nf6 3. f3 g6 4. Be3 Bg7 5. Qd2 c6 6. c4 a6 7. Nc3 b5 8. a3 O-O 9. Bd3 Nbd7 10. Nge2 bxc4 11. Bxc4 d5 12. Ba2 dxe4 13. fxe4 e5 14. d5 cxd5 15. exd5 Ng4 16. O-O Nxe3 17. Qxe3 Qb6 18.
Qxb6 Nxb6 19. d6 Ra7 20. Ne4 Kh8 21. Ng5 f5 22. Rad1 e4 23. b4 Bd7 24. Nf4 Bb5 25.
Rfe1 Bc4 26. Bxc4 Nxc4 27. d7 Bf6 28. Nge6 Rd8 29. Nxd8 Bxd8 30. Ne6 Ra8 31. Rc1 Nb6 32. Red1 Kg8 33. Rc6 1-0

[Event "*** Titled Tuesday Blitz"]
[Site "Chess.com"]
[Date "2019.04.02"]
[Round "5"]
[White "HrvojeZagreb"]
[Black "Perecke"]
[Result "1-0"]
[WhiteElo "2045"]
[BlackElo "2069"]
[TimeControl "180+2"]
[EndTime "15:03:09 PDT"]
[Termination "HrvojeZagreb won on time"]

1. d4 d5 2. Bf4 c5 3. e3 Nc6 4.
Nc3 cxd4 5. exd4 a6 6. Nf3 e6 7. Bd3 Nf6 8. h3 Bd6 9. Bxd6 Qxd6 10. Qe2 b5 11. Rd1 O-O 12. g4 Re8 13. Ne5 Nxd4 14.
Bxh7+ Nxh7 15. Rxd4 b4 16. Nd1 f6 17. Ng6 e5 18. c4 Bb7 19. Rd2 d4 20. O-O Ng5 21. f3 Nxh3+ 22. Kh2 Ng5 23. c5 Qc6 24. Nh4 Kf7 25. Kg3 e4 26. Qc4+ Qe6 27. Rxd4 exf3 28.
Rd7+ Re7 29. Rxe7+ Kxe7 30. Nf5+ Kd7 31. Qxe6+ 1-0

[Event "*** Titled Tuesday Blitz"]
[Site "Chess.com"]
[Date "2019.04.02"]
[Round "5"]
[White "rasmussvane"]
[Black "Fighterman91"]
[Result "1-0"]
[WhiteElo "2782"]
[BlackElo "2591"]
[TimeControl "180+2"]
[EndTime "15:03:10 PDT"]
[Termination "rasmussvane won by resignation"]

1. Nf3 Nf6 2. c4 g6 3. Nc3 d5 4. cxd5 Nxd5 5. h4 Bg7 6. e4 Nxc3 7. dxc3 Qxd1+ 8. Kxd1 Nd7 9. Nd4 c6 10. Kc2 Nc5 11.
f3 Bd7 12. Be3 Ne6 13. Nb3 Be5 14. a4 h5 15. a5 O-O 16. Bc4 a6 17. Rad1 Rad8 18.
Bb6 Nc7 19. Nc5 Bc8 20. Nd3 Rxd3 21. Rxd3 Ne6 22. Be3 Kg7 23. Rd2 Bc7 24. b4 f6 25.
Rhd1 Bg3 26. Rd7 Bxd7 27. Rxd7 Nf4 28. Rxe7+ Kh8 29. Rxb7 Nxg2 30. Bh6 Rb8 31. Bg7+ Kh7 32. Rxb8 Bxb8 33. Bxf6 Ne1+ 34. Kd1 Nxf3 35. Bxa6 g5 36. Be2 Kg6 37. Bxf3 Kxf6 38. hxg5+ Kxg5 39. e5 Bxe5 40. Kc2 h4 41. Bxc6 Kf5 42. b5 Ke6 43. a6 1-0

[Event "*** Titled Tuesday Blitz"]
[Site "Chess.com"]
[Date "2019.04.02"]
[Round "5"]
[White "NM2019"]
[Black "NemtsevIgor"]
[Result "0-1"]
[WhiteElo "2167"]
[BlackElo "2322"]
[TimeControl "180+2"]
[EndTime "15:03:15 PDT"]
[Termination "NemtsevIgor won on time"]

1. c4 c6 2. Nf3 d6 3. g3 Nd7 4. Bg2 h6 5. O-O g5 6. h4 Bg7 7. hxg5 hxg5 8. Nxg5 Qa5 9. d4 Nf8 10. d5 c5 11. Bd2 Qb6 12. Bc3 f6 13. Nf3 Ng6 14.
Nbd2 Ne5 15. Nxe5 fxe5 16. f4 Nh6 17. fxe5 Ng4 18. e4 Bxe5 19. Qf3 Bd7 20. Qf7+ Kd8 21. Nf3 Bxc3 22. bxc3 Qb2 23. Qg7 Kc7 24. Rab1 Qe2 25. Rbe1 Qxc4 26. e5 Rag8 27. exd6+ exd6 28. Qf7 Qxc3 29.
Re7 Rd8 30. Rb1 b6 31. Rbe1 Ne5 32. Nxe5 Qxe1+ 0-1